 Dungeon Crawl Stone Soup version 0.26-a0-969-g2c58977ddd (webtiles) character file.

Game seed: 11024167898304578527

3280 Morbidden the Skirmisher (level 10, -2/53 HPs)
             Began as a Vine Stalker Fighter on Dec 4, 2020.
             Was an Initiate of Gozag.
             Slain by a wolf (3 damage)
             ... on level 1 of the Lair of Beasts.
             The game lasted 00:09:37 (6197 turns).

Morbidden the Skirmisher (Vine Stalker Fighter)     Turns: 6197, Time: 00:09:37

Health: -2/53      AC: 14    Str: 19    XL:     10   Next: 0%
Magic:  0/18       EV:  5    Int: 11    God:    Gozag
Gold:   526        SH: 10    Dex: 14    Spells: 18/18 levels left

rFire    . . .     SeeInvis .   b - +2 dagger (elec)
rCold    . . .     Faith    .   c - +0 kite shield
rNeg     + . .     Spirit   +   H - +0 plate armour
rPois    .         Reflect  .   (no helmet)
rElec    .         Harm     .   o - +0 cloak
rCorr    .         Rampage  .   A - +0 pair of gloves
MR       +....                  (no boots)
Stlth    ..........             (no amulet)
HPRegen  0.57/turn              r - ring of positive energy
MPRegen  0.16/turn              (no ring)

@: hasted, very quick
A: fangs 3, regeneration 1, magic shield, antimagic bite, no potion heal 3, rot
immunity
a: Potion Petition, Call Merchant, Bribe Branch, Renounce Religion


You were on level 1 of the Lair of Beasts.
You worshipped Gozag.
Gozag was pleased with you.
You visited 3 branches of the dungeon, and saw 10 of its levels.

You collected 999 gold pieces.
You paid 473 gold pieces to Gozag.

Inventory:

Hand Weapons
 a - a +0 long sword
 b - a +2 dagger of electrocution (weapon)
 l - a +0 short sword of electrocution
Missiles
 s - 3 poisoned darts (quivered)
Armour
 c - a +0 kite shield (worn)
 o - a +0 cloak (worn)
 A - a +0 pair of gloves (worn)
 H - a +0 plate armour (worn)
Jewellery
 r - a ring of positive energy (left hand)
 E - an uncursed ring of ice
Wands
 v - a wand of flame (16)
 y - a wand of random effects (27)
Scrolls
 e - 2 scrolls of enchant weapon
 f - a scroll of fear {unknown}
 g - 2 scrolls of remove curse
 h - 4 scrolls of identify
 i - a scroll of random uselessness {unknown}
 k - 2 scrolls of noise {unknown}
 q - a scroll of immolation {unknown}
 t - a scroll of fog {unknown}
 w - a scroll of amnesia {unknown}
 C - a scroll of teleportation {unknown}
 D - a scroll of acquirement {unknown}
 F - a scroll of holy word {unknown}
Potions
 m - 4 potions of degeneration {unknown}
 n - a potion of mutation {unknown}
 p - 3 potions of berserk rage {unknown}
 u - 2 potions of brilliance
 x - a potion of flight {unknown}
 z - 2 potions of heal wounds {unknown}
 B - 3 potions of attraction {unknown}
 G - a potion of might


   Skills:
 * Level 6.6 Fighting
 + Level 5.0(5.3) Short Blades
 + Level 2.5(4.1) Long Blades
 + Level 5.2 Armour
 * Level 3.9 Dodging
 + Level 1.1 Stealth
 + Level 5.4 Shields
 * Level 4.8 Spellcasting


You had 18 spell levels left.
You didn't know any spells.
Your spell library contained the following spells:

 Spells                   Type           Power        Failure   Level
 Apportation              Tloc           #.....       100%        1
 Corona                   Hex            #......      100%        1
 Shock                    Conj/Air       #...         100%        1
 Ensorcelled Hibernation  Hex/Ice        #.....       100%        2
 Swiftness                Air            #.......     100%        2
 Confusing Touch          Hex            #.......     100%        3
 Dazzling Flash           Conj/Hex       #.....       100%        3
 Lesser Beckoning         Tloc           #.........   100%        3
 Static Discharge         Conj/Air       #.......     100%        3
 Tukima's Dance           Hex            #.......     100%        3
 Airstrike                Air            #.........   100%        4
 Alistair's Intoxication  Tmut/Pois      #........    100%        5
 Lightning Bolt           Conj/Air       #.........   100%        5
 Invisibility             Hex            #.......     100%        6


Dungeon Overview and Level Annotations

Branches:
Dungeon (8/15)             Temple (1/1) D:4            Lair (1/6) D:8

Altars:
Ashenzari
Cheibriados
Dithmenos
Elyvilon
Fedhas
Gozag
Hepliaklqana
Makhleb
Nemelex Xobeh
Okawaru
Qazlal
Ru
Sif Muna
Trog
Uskayaw
Vehumet
Xom
Yredelemnul

Shops:
Lair:1 *

Annotations:
Lair:1 Erica


Innate Abilities, Weirdness & Mutations

You have razor-sharp teeth.
Your natural rate of healing is unusually fast.
When hurt, damage is shared between your health and your magic reserves.
Your bite disrupts and absorbs the magic of your enemies.
Potions cannot restore your health.
You are immune to rotting.


Message History

The wolf howls! x2; You hear a howl! x2
You block the wolf's attack.
You hear a howl!
You hear a bellow!
You hear a howl!
A wolf comes into view.
The wolf howls!
The komodo dragon bites you!!
* * * LOW HITPOINT WARNING * * *
The wolf pauses to sniff the ground.
The wolf bites you.
* * * LOW HITPOINT WARNING * * *
The wolf barely misses you. 3 wolves come into view.
The wolf howls! x3
The wolf bites you but does no damage. You block the komodo dragon's attack.
A wolf comes into view.
A yak comes into view.
The wolf howls!
The yak bellows!
The wolf bites you.
You die...
Your body crumbles into a pile of gold.

.Y...........
................h....
....................
.......##♣.♣.....♣.♣
.......##.#h.......####.
...... .h........#....
.... .....hhh....... ..#
#h.@..#... .$#
#h.hh...... <.#
#hlh....... ∩.####
#..h..#.... #.⌠..#
#.hF....##. .h...#
#.h....... ..>.⌠#
#......... .....#
#.......#P #.⌠..#
#.........$


You could see a komodo dragon, a yak, a cane toad and 15 wolves.

Vanquished Creatures
  Pikel (D:7)
  Sigmund (D:5)
  Menkaure (D:4)
  Edmund (D:5)
  2 orc warriors
  Duvessa (D:7)
  A necrophage (D:6)
  An ogre (D:5)
  A wolf (Lair:1)
  3 centaurs
  A lemure (D:7)
  2 bullfrogs
  A wyvern zombie (D:6)
  Dowan (D:7)
  2 scorpions
  8 wights (D:7)
  A howler monkey (D:5)
  A bullfrog zombie (D:6)
  A hound (D:4)
  2 jellies (D:6)
  5 orc priests
  A bullfrog skeleton (D:8)
  A centaur skeleton (D:4)
  6 orc wizards
  Crazy Yiuf (D:2)
  Jessica (D:2)
  7 worker ants
  A hound skeleton (D:4)
  A worker ant zombie (D:6)
  8 adders
  A howler monkey skeleton (D:5)
  2 shadow imps (D:5)
  3 white imps
  An ufetubus (D:5)
  2 oozes
  An adder skeleton (D:4)
  4 worms
  A dart slug (D:3)
  5 leopard geckos
  29 orcs
  2 giant cockroaches
  2 goblins (D:3)
  6 hobgoblins
  10 jackals
  15 kobolds
  3 quokkas
  3 bats (D:2)
  6 frilled lizards
  A leopard gecko skeleton (D:4)
  7 rats
169 creatures vanquished.

Notes
Turn   | Place    | Note
-------+----------+-------------------------------------------
     0 | D:1      | Morbidden the Vine Stalker Fighter began the quest for the
                  | Orb.
     0 | D:1      | Reached XP level 1. HP: 11/11 MP: 2/2
   191 | D:1      | Reached XP level 2. HP: 16/16 MP: 3/3
   310 | D:1      | Reached skill level 3 in Fighting
  1042 | D:2      | Reached XP level 3. HP: 14/20 MP: 2/4
  1442 | D:2      | Gained mutation: Your natural rate of healing is unusually
                  | fast. [Vine Stalker growth]
  1442 | D:2      | Reached XP level 4. HP: 21/24 MP: 4/6
  1498 | D:2      | Noticed Jessica
  1510 | D:2      | Killed Jessica
  1567 | D:2      | Reached skill level 1 in Spellcasting
  1567 | D:2      | Reached XP level 5. HP: 25/28 MP: 7/7
  1960 | D:2      | Found a runed translucent door.
  1961 | D:2      | Noticed Crazy Yiuf
  1968 | D:2      | Killed Crazy Yiuf
  2049 | D:3      | Reached skill level 1 in Dodging
  2049 | D:3      | Reached XP level 6. HP: 24/32 MP: 6/9
  2092 | D:3      | Found a snail-covered altar of Cheibriados.
  2109 | D:3      | Found a bloodstained altar of Trog.
  2232 | D:3      | Found a hazy altar of Hepliaklqana.
  2802 | D:4      | Noticed Menkaure
  2826 | D:4      | Found a staircase to the Ecumenical Temple.
  2837 | Temple   | Entered the Ecumenical Temple
  3039 | Temple   | Became a worshipper of Gozag Ym Sagoz the Greedy
  3068 | D:4      | Reached skill level 1 in Short Blades
  3069 | D:4      | Killed Menkaure
  3070 | D:4      | Reached skill level 4 in Fighting
  3070 | D:4      | Reached XP level 7. HP: 24/37 MP: 7/11
  3134 | D:4      | Found a broken altar of Ashenzari.
  3708 | D:5      | Entered Level 5 of the Dungeon
  3765 | D:5      | Noticed Sigmund
  3776 | D:5      | Killed Sigmund
  3777 | D:5      | Gained mutation: You have razor-sharp teeth. [Vine Stalker
                  | growth]
  3777 | D:5      | Reached XP level 8. HP: 42/42 MP: 11/13
  3806 | D:5      | Noticed Edmund
  3816 | D:5      | Killed Edmund
  4720 | D:6      | Reached skill level 5 in Fighting
  4921 | D:6      | Reached XP level 9. HP: 41/47 MP: 12/15
  4975 | D:6      | Reached skill level 5 in Armour
  5515 | D:7      | Reached skill level 5 in Shields
  5584 | D:7      | Noticed Dowan
  5585 | D:7      | Noticed Duvessa
  5590 | D:7      | Killed Dowan
  5606 | D:7      | Killed Duvessa
  5607 | D:7      | Reached skill level 6 in Fighting
  5718 | D:7      | Noticed Pikel
  5731 | D:7      | Killed Pikel
  5732 | D:7      | Reached skill level 5 in Short Blades
  5732 | D:7      | Reached skill level 1 in Stealth
  6118 | D:8      | Found a staircase to the Lair.
  6130 | Lair:1   | Entered Level 1 of the Lair of Beasts
  6143 | Lair:1   | Noticed Erica
  6145 | Lair:1   | Reached XP level 10. HP: 46/53 MP: 18/18
  6189 | Lair:1   | Noticed a cane toad
  6195 | Lair:1   | HP: 2/53 [komodo dragon (18)]
  6197 | Lair:1   | Slain by a wolf

Illustrated notes

Levels and vault maps discovered:
D:1:      co_arrival_random_square_maze, layout_basic, lemuel_another_geyser
D:2:      layout_loops_ring, uniq_crazy_yiuf_cottage, uniq_jessica
D:3:      layout_loops_ring, kennysheep_slug_shrine,
          nicolae_overflow_crystal_walls, overflow_temple_1_default,
          corner_web_ring, grunt_ministairs_1, serial_bayou_ford_a,
          kennysheep_generic_room_11
D:4:      layout_loops_ring, ashenzari_conservatory_becter,
          minmay_temple_entry_crystal_x, uniq_menkaure
D:5:      layout_loops_ring, sigmund_edmund_badplayer
D:6:      layout_loops_cross, kennysheep_generic_room_7
D:7:      layout_cave_pools, uniq_duvessa, uniq_pikel
D:8:      cheibrodos_shockbox, layout_basic, lair_entry_dummy, tso_metal_star,
          uniq_psyche
Temple:   eino_narrow_crystal_temple
Lair:1:   layout_chaotic_city, grunt_forest_large_clearings, grunt_megastairs_1,
          uniq_erica

Skill      XL: |  1  2  3  4  5  6  7  8  9 |
---------------+----------------------------+-----
Fighting       | 3 4 5 6 |  6.6
Long Blades    | 2 |  2.5
Shields        | 3 4 5 |  5.4
Armour         | 3 4 5 |  5.2
Spellcasting   | 1 2 3 4 |  4.8
Dodging        | 1 2 3 |  3.9
Short Blades   | 1 2 3 5 |  5.0
Stealth        | 1 |  1.1

Action                   |  1- 3 |  4- 6 |  7- 9 | 10-12 || total
-------------------------+-------+-------+-------+-------++-------
Melee: Long sword        |    76 |     4 |       |       ||    80
       Bite              |    15 |    39 |   110 |     3 ||   167
       Dagger            |     8 |   115 |   369 |    15 ||   507
Invok: Call Merchant     |       |       |     1 |       ||     1
  Use: Scroll            |       |     1 |     1 |       ||     2
       Potion            |       |       |     2 |     1 ||     3
 Stab: Distracted        |       |       |     1 |       ||     1
Armor: Scale mail        |    37 |    33 |    76 |       ||   146
       Plate armour      |       |       |    16 |    13 ||    29
Dodge: Dodged            |    28 |    24 |    70 |     9 ||   131
Block: Kite shield       |    42 |    54 |   153 |    22 ||   271
       Rpst.: Long sword |     6 |       |       |       ||     6

Table legend: (Time is in decaauts)
 A = Elapsed time spent in this place.
 B = Non-inter-level travel time spent in this place.
 C = Inter-level travel time spent in this place.
 D = Time resting spent in this place.
 E = Time spent auto-exploring this place.
 F = Levels seen in this place.
 G = Mean time per level.
                   A        B        C        D        E       F      G
               +--------+--------+--------+--------+--------+-----+--------+
         Total |   6175 |   5780 |    395 |    320 |   4283 |  10 |  617.5 |
       Dungeon |   5905 |   5549 |    356 |    320 |   4111 |   8 |  738.1 |
        Temple |    217 |    178 |     39 |      0 |    172 |   1 |  217.0 |
          Lair |     52 |     52 |      0 |      0 |      0 |   1 |   52.0 |
               +--------+--------+--------+--------+--------+-----+--------+

Top non-repeatable levels by time:
     D:2: 1102 daAuts
     D:1: 950 daAuts
     D:6: 918 daAuts
     D:5: 816 daAuts
     D:3: 748 daAuts
     D:4: 729 daAuts
     D:7: 614 daAuts
  Temple: 217 daAuts
  Lair:1: 52 daAuts
     D:8: 25 daAuts
